AoeStats
← 啊超

QS Arena

503158028Analyzed
3v3 RM · 1mo ago on Aug 30, 2026· 35m 52s· 6 players
Game mode
Random Map
Map size
Normal (6 player)
Population
200
Speed
Normal
Resources
Standard
Victory
Conquest
Starting age
Dark Age
Ending age
Imperial Age
RankedLock teamsTeams togetherTeam positionsShared explorationLock speedFull tech treeHidden civsTurbo modeCheats
Victory
Defeat
🇳🇱 Spanish · Netherlands
1216
+17
🇨🇳 Turks · China
1201
+17
🇨🇳 Goths · China
1156
+19
🇨🇦 Malay · Canada
1285
-20
🇭🇰 Bohemians · Hong Kong SAR China
1208
-17
🇭🇰 Spanish · Hong Kong SAR China
1206
-17
zabijucha
8:05 Feudal Age
12:23 Castle Age
10:39 Double-Bit Axe
13:20 Padded Archer Armor
13:31 Bow Saw
18:21 Loom
19:00 Horse Collar
19:59 Bloodlines
22:02 Leather Archer Armor
21:56 Husbandry
21:59 Town Watch
26:36 Wheelbarrow
30:57 Imperial Age
29:10 Scale Barding Armor
30:40 Chain Barding Armor
30:35 Gold Mining
32:11 Conscription
32:03 Cavalier
33:30 Plate Barding Armor
34:25 Hoardings
35:12 Forging
36:47 Iron Casting
啊超
8:22 Feudal Age
12:57 Castle Age
11:26 Double-Bit Axe
12:50 Horse Collar
28:28 Imperial Age
26:24 Gold Mining
26:22 Loom
26:53 Forging
26:44 Scale Mail Armor
27:36 Stone Mining
27:57 Anarchy
28:17 Squires
27:37 Pikeman
28:55 Iron Casting
28:36 Chain Mail Armor
29:14 Perfusion
31:34 Blast Furnace
31:05 Conscription
31:04 Bow Saw
31:03 Elite Skirmisher
31:41 Fletching
31:54 Padded Archer Armor
31:45 Elite Huskarl
33:58 Chemistry
LY
0:30 Loom
8:47 Feudal Age
12:58 Castle Age
11:00 Stone Mining
11:34 Double-Bit Axe
11:35 Horse Collar
12:12 Gold Mining
13:17 Town Watch
13:49 Bow Saw
15:30 Gold Shaft Mining
26:04 Imperial Age
Scirroco
8:47 Feudal Age
9:42 Loom
12:14 Castle Age
10:22 Double-Bit Axe
11:19 Horse Collar
14:47 Bow Saw
18:26 Gold Mining
19:59 Fletching
22:22 Wheelbarrow
23:29 Heavy Plow
24:21 Bodkin Arrow
28:26 Imperial Age
26:44 Padded Archer Armor
26:07 Crossbowman
27:44 Thumb Ring
28:08 Hand Cart
28:29 Ballistics
29:02 Bracer
31:20 Chemistry
31:17 Arbalester
32:27 Forging
32:00 Pikeman
32:47 Squires
33:33 Halberdier
35:01 Leather Archer Armor
34:28 Treadmill Crane
FlameX
7:29 Loom
9:33 Feudal Age
9:41 Feudal Age
14:08 Castle Age
12:46 Double-Bit Axe
12:43 Horse Collar
20:26 Imperial Age
18:29 Heavy Plow
20:31 Bow Saw
21:53 Wheelbarrow
23:37 Chemistry
23:46 Wheelbarrow
24:51 Fletching
35:59 Fervor
StarShooter
8:02 Feudal Age
8:27 Loom
12:11 Castle Age
10:25 Double-Bit Axe
22:31 Husbandry
24:58 Gold Mining
30:38 Horse Collar
33:18 Wheelbarrow
33:13 Heavy Plow
34:04 Bloodlines
33:58 Padded Archer Armor
35:46 Leather Archer Armor
35:23 Fletching
Connection lost

Rejoining the realm…

Still unreachable

The connection could not be restored.

Session expired

The server has moved on; the page needs a fresh start.